[ AOE2 MATCH · #495939720 ]
UnrankedMapuche vs Malay
Player's team · WIN
Rival team · LOSS
[ REPLAY ANALYSIS · EXTRACTED FROM THE RECORDED GAME ]
Feudal
10:36
Castle
14:10
Imperial
—
| APM avg | 45.4 |
| APM peak | 72 |
| eAPM avg | 21.1 |
| Villagers / military | 77 / 55 |
Focus
⚔️ 30.3% · 🌾 69.7%
Kona ×43 · Battering Ram ×8 · Monk ×2 · Scorpion ×2
Feudal
9:07
Castle
16:41
Imperial
—
| APM avg | 43.6 |
| APM peak | 94 |
| eAPM avg | 23.2 |
| Villagers / military | 68 / 59 |
Focus
⚔️ 41.3% · 🌾 58.7%
Archer ×29 · Karambit Warrior ×15 · Spearman ×13 · Mangonel ×2
Match map
Initial resources + every placement click. Lines = walls · curves = elevation contours. ◆ gold · ⬟ stone · ● berries · ✦ relic · ◌ wall gap
Your base· Open — unwalled flank
luff's base· Open — unwalled flank
Smoothed initial terrain · ◌ = detected wall gap · hover for details
Inputs per minute
— [R1] 12Tirador - - luff
Build order — [R1] 12Tirador
First 150 of 216 actions detected
| 0:00 | Create | Villager (Male) |
| 0:00 | Create | Villager (Male) |
| 0:02 | Build | House |
| 0:03 | Build | House |
| 0:06 | Create | Villager (Male) |
| 0:06 | Create | Villager (Male) |
| 1:43 | Create | Villager (Male) |
| 1:44 | Create | Villager (Male) |
| 2:20 | Build | Settlement |
| 2:36 | Create | Villager (Male) |
| 2:38 | Create | Villager (Male) |
| 2:39 | Create | Villager (Male) |
| 3:17 | Create | Villager (Male) |
| 3:19 | Create | Villager (Male) |
| 3:40 | Create | Villager (Male) |
| 3:54 | Create | Villager (Male) |
| 4:51 | Create | Villager (Male) |
| 4:51 | Create | Villager (Male) |
| 5:14 | Build | House |
| 5:27 | Create | Villager (Male) |
| 6:31 | Build | Settlement |
| 6:37 | Create | Villager (Male) |
| 7:07 | Create | Villager (Male) |
| 7:16 | Create | Villager (Male) |
| 7:55 | Create | Villager (Male) |
| 8:00 | Build | Settlement |
| 8:19 | Research | Feudal Age |
| 9:17 | Research | Loom |
| 9:54 | Create | Villager (Male) |
| 10:36 | Age | Feudal Age |
| 10:38 | Build | Market |
| 10:40 | Build | Blacksmith |
| 10:54 | Build | Palisade Wall |
| 10:55 | Build | House |
| 10:56 | Build | Palisade Wall |
| 11:19 | Create | Villager (Male) |
| 11:30 | Research | Castle Age |
| 12:17 | Research | Double-Bit Axe |
| 12:56 | Build | Farm |
| 13:12 | Build | Farm |
| 13:13 | Build | Farm |
| 13:33 | Create | Villager (Male) |
| 14:10 | Age | Castle Age |
| 14:15 | Build | Castle |
| 14:22 | Research | Bow Saw |
| 14:24 | Create | Villager (Male) |
| 14:39 | Build | Farm |
| 14:50 | Create | Villager (Male) |
| 14:56 | Build | Farm |
| 15:08 | Create | Villager (Male) |
| 15:25 | Build | Farm |
| 15:37 | Create | Villager (Male) |
| 15:40 | Create | Kona |
| 15:40 | Create | Kona |
| 15:47 | Build | Farm |
| 15:51 | Create | Villager (Male) |
| 15:56 | Build | Farm |
| 15:58 | Create | Kona |
| 16:23 | Create | Kona |
| 16:26 | Build | Farm |
| 16:27 | Build | Farm |
| 16:30 | Build | Farm |
| 16:36 | Create | Villager (Male) |
| 16:48 | Create | Villager (Male) |
| 16:56 | Create | Kona |
| 16:59 | Build | Farm |
| 17:00 | Create | Villager (Male) |
| 17:16 | Build | Farm |
| 17:19 | Build | Farm |
| 17:20 | Create | Kona |
| 17:35 | Create | Kona |
| 17:54 | Create | Villager (Male) |
| 18:02 | Create | Kona |
| 18:06 | Build | Siege Workshop |
| 18:12 | Create | Kona |
| 18:13 | Create | Kona |
| 18:19 | Create | Villager (Male) |
| 18:19 | Create | Villager (Male) |
| 18:25 | Build | Farm |
| 18:38 | Create | Villager (Male) |
| 18:38 | Create | Villager (Male) |
| 18:40 | Create | Kona |
| 18:47 | Create | Kona |
| 18:53 | Create | Battering Ram |
| 18:57 | Create | Villager (Male) |
| 19:06 | Create | Villager (Male) |
| 19:08 | Create | Kona |
| 19:18 | Create | Villager (Male) |
| 19:39 | Create | Villager (Male) |
| 19:49 | Create | Villager (Male) |
| 19:50 | Build | Monastery |
| 19:51 | Create | Villager (Male) |
| 20:01 | Create | Kona |
| 20:02 | Create | Kona |
| 20:12 | Create | Scorpion |
| 20:13 | Create | Villager (Male) |
| 20:20 | Create | Kona |
| 20:30 | Create | Kona |
| 20:43 | Create | Monk |
| 21:00 | Create | Villager (Male) |
| 21:22 | Create | Villager (Male) |
| 21:23 | Create | Kona |
| 21:24 | Create | Kona |
| 21:29 | Create | Villager (Male) |
| 21:32 | Create | Monk |
| 21:32 | Create | Villager (Male) |
| 21:34 | Create | Villager (Male) |
| 21:43 | Build | House |
| 21:49 | Research | Forging |
| 21:49 | Create | Villager (Male) |
| 21:51 | Create | Villager (Male) |
| 22:05 | Create | Kona |
| 22:22 | Create | Villager (Male) |
| 22:24 | Create | Kona |
| 22:25 | Create | Kona |
| 22:30 | Build | Town Center |
| 22:37 | Create | Villager (Male) |
| 22:46 | Create | Kona |
| 23:07 | Create | Kona |
| 23:24 | Create | Kona |
| 23:32 | Create | Kona |
| 23:58 | Create | Kona ×2 |
| 24:09 | Build | House |
| 24:09 | Create | Kona |
| 24:30 | Create | Scorpion |
| 24:31 | Create | Villager (Male) |
| 24:58 | Create | Kona |
| 25:04 | Build | Palisade Wall |
| 25:05 | Build | Palisade Wall |
| 25:05 | Build | Farm |
| 25:05 | Build | Farm |
| 25:05 | Build | Farm |
| 25:06 | Build | Farm |
| 25:06 | Build | Farm |
| 25:06 | Build | Farm |
| 25:06 | Build | Farm |
| 25:07 | Build | Farm |
| 25:07 | Build | Farm |
| 25:10 | Build | House |
| 25:10 | Build | House |
| 25:12 | Build | Farm |
| 25:13 | Build | Farm |
| 25:13 | Build | Farm |
| 25:13 | Build | Farm |
| 25:13 | Build | Farm |
| 25:14 | Build | Farm |
| 25:14 | Build | Farm |
| 25:15 | Create | Villager (Male) |
| 25:38 | Create | Battering Ram |
| 25:41 | Build | House |
Build order — luff
First 150 of 214 actions detected
| 0:02 | Create | Villager (Male) |
| 0:02 | Create | Villager (Male) |
| 0:02 | Create | Villager (Male) |
| 0:02 | Create | Villager (Male) |
| 0:03 | Build | House |
| 0:05 | Build | House |
| 1:33 | Create | Villager (Male) |
| 1:52 | Create | Villager (Male) |
| 2:15 | Build | Lumber Camp |
| 2:25 | Create | Villager (Male) |
| 2:25 | Create | Villager (Male) |
| 2:45 | Create | Villager (Male) |
| 3:15 | Create | Villager (Male) |
| 3:46 | Create | Villager (Male) |
| 3:46 | Create | Villager (Male) |
| 3:57 | Build | House |
| 4:04 | Create | Villager (Male) |
| 4:14 | Create | Villager (Male) |
| 4:52 | Create | Villager (Male) |
| 4:52 | Create | Villager (Male) |
| 5:24 | Create | Villager (Male) |
| 5:42 | Build | Mill |
| 5:46 | Create | Villager (Male) |
| 5:47 | Create | Villager (Male) |
| 5:50 | Create | Villager (Male) |
| 6:05 | Build | House |
| 6:12 | Build | House |
| 6:15 | Build | Palisade Wall |
| 6:21 | Research | Loom |
| 6:39 | Create | Villager (Male) |
| 6:40 | Create | Villager (Male) |
| 7:19 | Create | Villager (Male) |
| 7:26 | Build | Mill |
| 7:49 | Research | Feudal Age |
| 7:49 | Research | Feudal Age |
| 8:25 | Build | Palisade Gate |
| 8:30 | Create | Villager (Male) |
| 8:30 | Create | Villager (Male) |
| 9:07 | Age | Feudal Age |
| 9:10 | Research | Double-Bit Axe |
| 9:13 | Research | Horse Collar |
| 9:36 | Create | Villager (Male) |
| 10:00 | Create | Villager (Male) |
| 10:12 | Build | Blacksmith |
| 10:14 | Create | Villager (Male) |
| 10:27 | Create | Villager (Male) |
| 10:43 | Research | Town Watch |
| 10:50 | Create | Villager (Male) |
| 10:52 | Build | Mining Camp |
| 11:07 | Build | House |
| 11:38 | Build | House |
| 11:40 | Build | Palisade Wall |
| 11:53 | Create | Villager (Male) |
| 12:07 | Create | Villager (Male) |
| 12:37 | Build | Barracks |
| 12:45 | Build | House |
| 12:46 | Create | Villager (Male) |
| 13:02 | Create | Villager (Male) |
| 13:44 | Create | Villager (Male) |
| 14:00 | Build | House |
| 14:02 | Build | House |
| 14:15 | Create | Villager (Male) |
| 14:20 | Build | Archery Range |
| 14:26 | Create | Villager (Male) |
| 14:39 | Build | Archery Range |
| 15:02 | Research | Castle Age |
| 15:04 | Create | Archer |
| 15:24 | Create | Archer |
| 15:25 | Create | Archer |
| 15:39 | Create | Archer |
| 15:57 | Research | Fletching |
| 15:57 | Research | Fletching |
| 16:10 | Build | Farm |
| 16:12 | Build | Farm |
| 16:17 | Build | Farm |
| 16:19 | Create | Villager (Male) |
| 16:20 | Create | Archer |
| 16:20 | Create | Archer |
| 16:38 | Create | Archer |
| 16:38 | Create | Archer |
| 16:41 | Age | Castle Age |
| 17:00 | Research | Crossbowman (upgrade) |
| 17:07 | Create | Villager (Male) |
| 17:17 | Build | Farm |
| 17:18 | Build | Farm |
| 17:33 | Build | Farm |
| 17:35 | Build | Farm |
| 17:40 | Create | Villager (Male) |
| 17:43 | Create | Archer |
| 17:44 | Create | Archer |
| 17:52 | Create | Villager (Male) |
| 18:07 | Build | Watch Tower |
| 18:09 | Build | Watch Tower |
| 18:15 | Create | Archer |
| 18:15 | Create | Archer |
| 18:15 | Create | Archer |
| 18:16 | Create | Villager (Male) |
| 18:33 | Research | Bodkin Arrow |
| 19:07 | Create | Villager (Male) |
| 19:08 | Create | Villager (Male) |
| 19:57 | Build | Siege Workshop |
| 20:03 | Build | Lumber Camp |
| 20:11 | Create | Archer |
| 20:11 | Create | Archer |
| 20:12 | Create | Archer |
| 20:12 | Create | Villager (Male) |
| 20:17 | Create | Archer |
| 20:18 | Create | Archer |
| 20:20 | Create | Villager (Male) |
| 20:20 | Create | Villager (Male) |
| 20:36 | Create | Archer |
| 20:36 | Create | Archer |
| 20:46 | Create | Villager (Male) |
| 20:57 | Create | Mangonel |
| 21:05 | Build | Palisade Wall |
| 21:14 | Create | Archer |
| 21:15 | Create | Villager (Male) |
| 21:32 | Create | Archer |
| 21:32 | Create | Archer |
| 21:41 | Create | Villager (Male) |
| 21:41 | Create | Villager (Male) |
| 21:51 | Create | Villager (Male) |
| 22:03 | Create | Archer |
| 22:07 | Create | Villager (Male) |
| 22:10 | Build | Town Center |
| 22:15 | Build | Farm |
| 22:17 | Build | Farm |
| 22:19 | Build | Farm |
| 22:22 | Build | House |
| 22:32 | Create | Archer |
| 22:32 | Create | Archer |
| 22:39 | Build | Stone Wall |
| 22:40 | Build | Stone Wall |
| 22:48 | Build | House |
| 22:50 | Create | Archer |
| 22:59 | Build | Farm |
| 23:02 | Build | Farm |
| 23:04 | Build | Farm |
| 23:10 | Create | Archer |
| 23:10 | Create | Archer |
| 23:27 | Create | Villager (Male) |
| 23:27 | Create | Villager (Male) |
| 23:29 | Create | Villager (Male) |
| 23:29 | Create | Villager (Male) |
| 23:59 | Build | Palisade Wall |
| 24:00 | Build | Palisade Wall |
| 24:06 | Build | Palisade Wall |
| 24:18 | Build | Palisade Wall |
| 24:20 | Build | Palisade Wall |
| 24:24 | Build | Palisade Wall |
Match timeline
| 6:15 | luff · wall_segment Palisade Wall x5 |
| 9:07 | luff · age_up feudal |
| 10:36 | [R1] 12Tirador · age_up feudal |
| 10:54 | [R1] 12Tirador · wall_segment Palisade Wall x1 |
| 10:56 | [R1] 12Tirador · wall_segment Palisade Wall x1 |
| 11:29 | [R1] 12Tirador · first_market_sell 100 stone |
| 11:40 | luff · wall_segment Palisade Wall x6 |
| 12:37 | luff · first_building Barracks |
| 13:57 | [R1] 12Tirador · first_market_buy 100 stone |
| 14:10 | [R1] 12Tirador · age_up castle |
| 14:15 | [R1] 12Tirador · first_building Castle |
| 14:20 | luff · first_building Archery Range |
| 16:41 | luff · age_up castle |
| 18:06 | [R1] 12Tirador · first_building Siege Workshop |
| 19:50 | [R1] 12Tirador · first_building Monastery |
| 19:57 | luff · first_building Siege Workshop |
| 21:05 | luff · wall_segment Palisade Wall x1 |
| 22:39 | luff · wall_segment Stone Wall x4 |
| 22:40 | luff · wall_segment Stone Wall x1 |
| 23:59 | luff · wall_segment Palisade Wall x1 |
| 24:00 | luff · wall_segment Palisade Wall x1 |
| 24:06 | luff · wall_segment Palisade Wall x1 |
| 24:18 | luff · wall_segment Palisade Wall x1 |
| 24:20 | luff · wall_segment Palisade Wall x1 |
| 24:24 | luff · wall_segment Palisade Wall x1 |
| 24:32 | luff · wall_segment Palisade Wall x1 |
| 24:41 | luff · wall_segment Palisade Wall x1 |
| 24:43 | luff · wall_segment Palisade Wall x1 |
| 25:04 | [R1] 12Tirador · wall_segment Palisade Wall x1 |
| 25:05 | [R1] 12Tirador · wall_segment Palisade Wall x1 |
| 25:55 | luff · first_market_buy 100 stone |
| 26:17 | luff · first_building Castle |
| 26:25 | luff · wall_segment Palisade Wall x1 |
| 26:27 | luff · wall_segment Palisade Wall x1 |
| 26:32 | luff · wall_segment Palisade Wall x1 |
| 26:34 | luff · wall_segment Palisade Wall x1 |
| 26:57 | luff · wall_segment Palisade Wall x1 |
| 27:16 | luff · first_market_sell 100 wood |
| 31:02 | luff · resign |
[ AI ANALYSIS · 1 CREDIT ]
What really happened in this match?
Wolo.gg analyzes every decision: build order, eco, micro, common mistakes by bracket. Personalized analysis on WhatsApp or Discord in 30 seconds.
Civ guide
Mapuche
Perfil
Jugador #260973